 Dungeon Crawl Stone Soup version 0.24.0-13-gcf9b319 (webtiles) character file.

Game seed: 16924699683655061596, levelgen mode: deterministic

51 sanboga the Shield-Bearer (level 3, 0/23 HPs)
             Began as a Gargoyle Fighter on Jan 2, 2020.
             Slain by a worm (2 damage)
             ... on level 2 of the Dungeon.
             The game lasted 00:00:54 (577 turns).

sanboga the Shield-Bearer (Gargoyle Fighter)         Turns: 577, Time: 00:00:54

Health: 0/23       AC: 10    Str: 20    XL:     3   Next: 81%
Magic:  3/3        EV:  7    Int:  8    God:
Gold:   18         SH:  9    Dex:  9    Spells: 2/2 levels left

rFire    . . .     SeeInvis .   a - +0 war axe
rCold    . . .     Gourm    .   c - +0 shield
rNeg     + . .     Faith    .   b - +0 scale mail
rPois    ∞         Spirit   .   (no helmet)
rElec    +         Reflect  .   (no cloak)
rCorr    .         Harm     .   (no gloves)
MR       .....                  (no boots)
Stlth    ..........             (no amulet)
HPRegen  0.07/turn              (no ring)
MPRegen  0.08/turn              (no ring)

@: no status effects
A: negative energy resistance 1, electricity resistance, unbreathing,
petrification resistance, rot immunity, AC +3
a: no special abilities


You were on level 2 of the Dungeon.
You were not hungry.

You visited 1 branch of the dungeon, and saw 2 of its levels.

You collected 18 gold pieces.

Inventory:

Hand Weapons
 a - a +0 war axe (weapon)
Armour
 b - a +0 scale mail (worn)
 c - a +0 shield (worn)
Scrolls
 e - 2 scrolls of remove curse
 h - a scroll of identify {unknown}
Potions
 d - a potion of might
Comestibles
 f - a ration
 g - 2 chunks of flesh


   Skills:
 + Level 3.5 Fighting
 * Level 2.5 Axes
 + Level 3.6 Armour
 * Level 4.0 Shields


You had 2 spell levels left.
You didn't know any spells.
Your spell library was empty.

Dungeon Overview and Level Annotations

Branches:
Dungeon (2/15)

Altars:


Innate Abilities, Weirdness & Mutations

You are resistant to torment.
Your stone body is resilient. (AC +3)
You are immune to poison.
You resist negative energy. (rN+)
You are resistant to electric shocks. (rElec)
You can survive without breathing.
You are immune to petrification.
You are immune to rotting.


Message History

Your shield prevents you from hitting the worm.
The worm is heavily wounded.
You block the worm's attack.
You barely miss the worm.
The worm is heavily wounded.
You closely miss the kobold. You block the kobold's attack.
The worm bites you but does no damage.
You hit the worm.
The worm is severely wounded.
You closely miss the kobold. The kobold hits you but does no damage.
The worm bites you. The kobold hits you but does no damage.
Your shield and scale mail prevent you from hitting the worm.
The worm is heavily wounded.
You closely miss the kobold. The kobold hits you but does no damage.
The worm bites you.
* * * LOW HITPOINT WARNING * * *
You slash the worm!
The worm is almost dead.
You miss the kobold.
You block the kobold's attack. x2; The worm bites you.
You die...

#........
#........
#........
#........ ### ###
#...(.... ... ..
#........ .... #.
#w..$....
.....#)##@K......
.....#..(........
.......#(#######.
.....#.#...#
...).#...#.# ..
.......#.#.# (..
..$..#.#.÷.#....
###+#..)....####
####.....(.#


You could see a worm and a kobold.

Vanquished Creatures
  2 adders (D:2)
  A dart slug (D:2)
  2 leopard geckos (D:1)
  A giant cockroach (D:2)
  2 goblins (D:1)
  4 hobgoblins (D:1)
  4 jackals (D:1)
  4 kobolds
  A ball python (D:1)
  3 bats
  3 frilled lizards
  2 rats (D:1)
29 creatures vanquished.

Notes
Turn   | Place    | Note
-------+----------+-------------------------------------------
     0 | D:1      | sanboga the Gargoyle Fighter began the quest for the Orb.
     0 | D:1      | Reached XP level 1. HP: 14/14 MP: 1/1
    67 | D:1      | Reached XP level 2. HP: 17/19 MP: 2/2
   407 | D:1      | Reached XP level 3. HP: 23/23 MP: 3/3
   555 | D:2      | Reached skill level 4 in Shields
   577 | D:2      | Slain by a worm

Levels and vault maps discovered:
D:1:      minmay_arrival_four_loops, layout_rooms
D:2:      layout_basic, chequers_ecumenical_altar_simple

Skill      XL: |  1  2  3 |
---------------+----------+-----
Axes           | 2 |  2.5
Shields        | 4 |  4.0
Fighting       | |  3.5
Armour         | |  3.6

Action                   || total
-------------------------++-------
Melee: War axe           ||   121
  Use: Scroll            ||     3
       Potion            ||     1
Armor: Scale mail        ||    82
Dodge: Dodged            ||    37
Block: Shield            ||    82
